 Dungeon Crawl Stone Soup version 0.19.0-19-g8c6edcc (webtiles) character file.

284 nikopol the Skirmisher (level 6, -10/40 HPs)
             Began as a Gargoyle Berserker on Nov 13, 2016.
             Was a Priest of Trog.
             Mangled by an ogre
             ... wielding a cursed +0 giant club
              (16 damage)
             ... on level 4 of the Dungeon.
             The game lasted 00:08:09 (2533 turns).

nikopol the Skirmisher (Gargoyle Berserker)         Turns: 2533, Time: 00:08:10

Health: -10/40     AC: 11    Str: 21    XL:     6   Next: 29%
Magic:  6/6        EV: 11    Int:  8    God:    Trog [***...]
Gold:   227        SH:  0    Dex: 10    Spells: 0 memorised, 5 levels left

rFire  . . .     SeeInvis .     a - +0 hand axe
rCold  . . .     Gourm    .     k - +0 ring mail
rNeg   + . .     Faith    .     (no shield)
rPois  ∞         Spirit   .     (no helmet)
rElec  +         Reflect  .     (no cloak)
rCorr  .         Harm     .     r - +0 pair of gloves
MR     .....                    (no boots)
Stlth  ..........               p - amulet of regeneration
                                (no ring)
                                (no ring)

@: no status effects
A: negative energy resistance 1, electricity resistance, unbreathing,
petrification resistance, rot immunity, AC +4
a: Berserk, Trog's Hand, Burn Spellbooks, Renounce Religion


You were on level 4 of the Dungeon.
You worshipped Trog.
Trog was most pleased with you.
You were not hungry.

You visited 1 branch of the dungeon, and saw 4 of its levels.

You collected 227 gold pieces.

Inventory:

Hand Weapons
 a - a +0 hand axe (weapon)
Missiles
 f - 32 arrows
Armour
 b - a +0 animal skin
 k - a +0 ring mail (worn)
 r - a +0 pair of gloves (worn)
Jewellery
 p - an amulet of regeneration (around neck)
Scrolls
 h - 2 scrolls of remove curse {unknown}
 i - 2 scrolls of random uselessness {unknown}
 j - a scroll of fog {unknown}
 l - a scroll of fear {unknown}
 m - 4 scrolls of identify {unknown}
 n - 2 scrolls of magic mapping {unknown}
 t - a scroll of enchant weapon {unknown}
Potions
 e - a potion of curing {unknown}
Comestibles
 c - 2 bread rations
 d - a meat ration
 g - a royal jelly
 o - 4 fruits
 q - a slice of pizza
 s - a beef jerky
 u - 3 chunks of flesh


   Skills:
 + Level 4.8 Fighting
 + Level 3.5 Axes
 + Level 4.4 Armour
 + Level 2.7 Dodging


You had 5 spell levels left.
You didn't know any spells.

Dungeon Overview and Level Annotations

Branches:
Dungeon (4/15)             Temple (0/1) D:4

Altars:
Gozag
Kikubaaqudgha
Nemelex Xobeh
Okawaru
Sif Muna
Uskayaw


Innate Abilities, Weirdness & Mutations

You are resistant to torment.
Your stone body is resilient. (AC +4)
You are immune to poison.
You resist negative energy. (rN+)
You are resistant to electric shocks. (rElec)
You can survive without breathing.
You are immune to petrification.
You are immune to rotting.


Message History

The ogre barely misses you.
You hit the ogre.
The ogre is heavily wounded.
The ogre hits you with a giant club.
You hit the ogre.
The ogre is severely wounded.
You hit the ogre.
The ogre is severely wounded.
The ogre misses you.
You barely miss the ogre.
The ogre is severely wounded.
The ogre hits you but does no damage.
You barely miss the ogre.
The ogre is severely wounded.
The ogre hits you with a giant club!
* * * LOW HITPOINT WARNING * * *
You hit the ogre.
The ogre is almost dead.
The ogre hits you with a giant club!
You die...

.........# ....!....#
....>...# ##+#
#......####+## #...
#......#.....# #...
#......#.....# #...
#......#.....+ #...
#......@O...#########...
#......#....#...........
#......#....#...........
#......#....#........###
#......######........#
#....................#
#....................#
#....................###
........))>..............


You could see an ogre.

Vanquished Creatures
  A hound (D:4)
  An orc wizard (D:3)
  An iguana (D:4)
  8 gnolls
  3 adders
  An ooze (D:4)
  A worm (D:2)
  3 dart slugs
  10 orcs
  2 giant cockroaches
  9 goblins
  5 hobgoblins
  7 jackals
  7 kobolds
  A quokka (D:3)
  A ball python (D:1)
  8 bats
  A frilled lizard (D:1)
  A jackal skeleton (D:4)
  A leopard gecko skeleton (D:4)
  9 rats
81 creatures vanquished.

Notes
Turn   | Place    | Note
-------+----------+-------------------------------------------
     0 | D:1      | nikopol the Gargoyle Berserker began the quest for the Orb.
     0 | D:1      | Reached XP level 1. HP: 14/14 MP: 1/1
   138 | D:1      | Reached XP level 2. HP: 11/19 MP: 2/2
   954 | D:2      | Reached XP level 3. HP: 24/24 MP: 3/3
  1185 | D:2      | Reached ** piety under Trog
  1400 | D:2      | Found an opulent altar of Gozag.
  1552 | D:3      | Reached XP level 4. HP: 29/29 MP: 4/4
  1677 | D:3      | Reached XP level 5. HP: 20/34 MP: 5/5
  2046 | D:3      | Found a deep blue altar of Sif Muna.
  2048 | D:3      | Found a sparkling altar of Nemelex Xobeh.
  2048 | D:3      | Found an iron altar of Okawaru.
  2052 | D:3      | Found a hide-covered altar of Uskayaw.
  2053 | D:3      | Found an ancient bone altar of Kikubaaqudgha.
  2356 | D:4      | Reached *** piety under Trog
  2356 | D:4      | Reached XP level 6. HP: 37/39 MP: 6/6
  2516 | D:4      | Found a staircase to the Ecumenical Temple.
  2533 | D:4      | Mangled by an ogre

Skill      XL: |  1  2  3  4  5 |
---------------+----------------+-----
Fighting       | 4 |  4.8
Axes           | 3 |  3.5
Armour         | 3 4 |  4.4
Dodging        | 2 |  2.7

Action                   |  1- 3 |  4- 6 || total
-------------------------+-------+-------++-------
Melee: Hand axe          |   110 |   177 ||   287
Invok: Berserk           |       |     2 ||     2
  Eat: Chunk             |     2 |     6 ||     8
Armor: Animal skin       |    12 |       ||    12
       Ring mail         |    37 |   109 ||   146
Dodge: Dodged            |    85 |   122 ||   207
